 Dungeon Crawl Stone Soup version 0.19.0-20-gbc5f0c6 (webtiles) character file.

111 Ladykiller69 the Ruffian (level 4, -5/45 HPs)
             Began as a Troll Fighter on Nov 16, 2016.
             Killed from afar by Sigmund (10 damage)
             ... with a puff of flame
             ... on level 3 of the Dungeon.
             The game lasted 00:03:59 (2214 turns).

Ladykiller69 the Ruffian (Troll Fighter)            Turns: 2214, Time: 00:03:59

Health: -5/45      AC:  6    Str: 24    XL:     4   Next: 62%
Magic:  3/3        EV:  8    Int:  4    God:
Gold:   119        SH:  9    Dex: 10    Spells: 0 memorised, 3 levels left

rFire  . . .     SeeInvis .       - Unarmed
rCold  . . .     Gourm    +     a - +0 robe
rNeg   . . .     Faith    .     b - +0 shield
rPois  .         Spirit   .     (helmet restricted)
rElec  .         Reflect  .     l - +0 cloak
rCorr  .         Harm     .     (gloves unavailable)
MR     .....                    (boots unavailable)
Stlth  +.........               (no amulet)
                                (no ring)
                                (no ring)

@: lethally poisoned (-5 -> -22)
A: unfitting armour, claws 3, fast metabolism 3, gourmand, regeneration 1,
shaggy fur 1, tough skin 2
a: no special abilities


You were on level 3 of the Dungeon.
You were completely stuffed.

You visited 1 branch of the dungeon, and saw 3 of its levels.

You collected 119 gold pieces.

Inventory:

Missiles
 e - 100 stones (quivered)
 s - 3 javelins
 t - 3 large rocks
Armour
 a - a +0 robe (worn)
 b - a +0 shield (worn)
 l - a +0 cloak (worn)
Scrolls
 h - 2 scrolls of amnesia {unknown}
 m - 3 scrolls of recharging {unknown}
 p - 2 scrolls of remove curse {unknown}
Potions
 c - a potion of might
 f - a potion of lignification {unknown}
 g - a potion of magic {unknown}
 j - a potion of ambrosia {unknown}
 k - 2 potions of agility {unknown}
 n - 2 potions of flight {unknown}
 o - a potion of brilliance {unknown}
 q - a potion of cancellation {unknown}
 r - a potion of heal wounds {unknown}
Comestibles
 d - 2 bread rations
 i - a meat ration
 u - 9 chunks of flesh
 v - 3 fruits


   Skills:
 + Level 3.0 Fighting
 - Level 3.0 Dodging
 + Level 3.0 Shields
 * Level 3.2 Unarmed Combat


You had 3 spell levels left.
You didn't know any spells.

Dungeon Overview and Level Annotations

Branches:
Dungeon (3/15)

Altars:

Annotations:
D:3 Sigmund


Innate Abilities, Weirdness & Mutations

You are too large for most types of armour.
You have claws for hands.
Your metabolism is lightning-fast.
You like to eat raw meat.
Your natural rate of healing is unusually fast.
You are covered in fur. (AC +1)
You have very tough skin. (AC +2)


Message History

There is an escape hatch in the floor here.
You miss something.
You feel sick. Something hits you.
You are more poisoned.
You claw something!
You feel sick.
Your shield prevents you from hitting something.
You feel sick. Something hits you but does no damage.
You are more poisoned.
You miss something.
You feel sick. Something hits you but does no damage.
You are more poisoned.
You claw something!
You feel sick.
You completely miss something.
You feel sick. Something hits you!
* * * LOW HITPOINT WARNING * * *
You are more poisoned.
Unknown command.
* * * LOW HITPOINT WARNING * * *
You feel very sick.
You hear some strange, mumbled words.
A puff of flame appears from out of thin air!
The puff of flame hits you!
You die...

≈≈≈≈≈≈≈≈≈≈≈≈#.#.#.#.#.###.#.#
≈≈≈≈≈≈≈≈≈≈≈##.#.#.#.#.....#<#
############# #.#.#.#####.#.#
###.#...#.# ###.#
#...#####.## .. ..#
#.#........#.# ###
#............##
####....#.......
#.....@g.....##..
#.##.##{.....# . .
#..!#.##.## #.#........ # ..
##..... ... ..... #... ####
.... ##...


You could see a goblin.

Vanquished Creatures
  3 adders (D:2)
  A worm (D:2)
  3 dart slugs
  2 leopard geckos
  2 orcs (D:3)
  2 giant cockroaches (D:1)
  13 goblins
  8 hobgoblins
  3 jackals (D:3)
  2 quokkas (D:2)
  2 ball pythons
  3 bats
  3 frilled lizards (D:1)
  5 kobolds
  16 rats
68 creatures vanquished.

Notes
Turn   | Place    | Note
-------+----------+-------------------------------------------
     0 | D:1      | Ladykiller69 the Troll Fighter began the quest for the Orb.
     0 | D:1      | Reached XP level 1. HP: 22/22 MP: 0/0
    49 | D:1      | Reached XP level 2. HP: 29/29 MP: 1/1
   444 | D:1      | Reached XP level 3. HP: 36/36 MP: 2/2
  1174 | D:2      | Reached XP level 4. HP: 39/44 MP: 3/3
  2199 | D:3      | Noticed Sigmund
  2214 | D:3      | Killed from afar by Sigmund

Skill      XL: |  1  2  3  4 |
---------------+-------------+-----
Unarmed Combat | 3 |  3.2
Shields        | 3 |  3.0
Dodging        | 3 |  3.0
Fighting       | 3 |  3.0

Action                   |  1- 3 |  4- 6 || total
-------------------------+-------+-------++-------
Melee: Unarmed           |    98 |    81 ||   179
 Stab: Sleeping          |       |     1 ||     1
  Eat: Chunk             |    15 |    11 ||    26
Armor: Robe              |    26 |    23 ||    49
Dodge: Dodged            |    30 |    20 ||    50
Block: Shield            |    39 |    32 ||    71
